AoeStats
← Megara_XtaZ

Migration

505954960Analyzed
1v1 RM · 19d ago on Sep 11, 2026· 59m 40s· 2 players
Game mode
Random Map
Map size
132×132
Population
200
Speed
Normal
Resources
Standard
Victory
Conquest
Starting age
Dark Age
Ending age
Imperial Age
RankedLock teamsTeams togetherTeam positionsShared explorationLock speedFull tech treeHidden civsTurbo modeCheats
Victory
Defeat
🇪🇸 Spanish · Spain
705
+17
🇨🇭 Byzantines · Switzerland
735
-41
pablogumar
11:37 Feudal Age
12:33 Double-Bit Axe
13:25 Wheelbarrow
12:36 Town Watch
12:39 Fishing Lines
16:39 Loom
22:15 Castle Age
23:18 Hand Cart
23:04 Town Patrol
23:16 Bow Saw
23:12 Gillnets
25:21 Medium Warships
29:09 Ballistics
28:45 Murder Holes
29:35 Stone Mining
29:36 Gold Mining
30:58 Horse Collar
31:50 Pikeman
32:31 Squires
35:07 Imperial Age
33:40 Scale Mail Armor
33:51 Forging
37:00 Chemistry
36:17 Chain Mail Armor
36:38 Iron Casting
37:27 Two-Man Saw
36:22 Halberdier
38:05 Light Cavalry
38:56 Bloodlines
38:47 Husbandry
40:59 Capped Ram
43:05 Heavy Warships
42:01 Elite Cannon Galleon
45:14 Siege Ram
54:25 Stone Shaft Mining
54:57 Blast Furnace
54:28 Plate Mail Armor
54:03 Scale Barding Armor
53:59 Padded Archer Armor
53:50 Fletching
54:14 Masonry
54:15 Clinker Construction
54:16 Careening
56:53 Carvel Hull
58:16 Dry Dock
60:23 Shipwright
60:34 Architecture
60:32 Chain Barding Armor
60:28 Leather Archer Armor
60:09 Bodkin Arrow
Megara_XtaZ
11:36 Feudal Age
12:01 Loom
14:17 Wheelbarrow
13:55 Stone Mining
16:17 Double-Bit Axe
18:25 Padded Archer Armor
18:18 Fletching
20:03 Scale Barding Armor
21:08 Horse Collar
26:18 Castle Age
25:19 Scale Mail Armor
25:25 Fishing Lines
30:26 Hand Cart
32:55 Elite Skirmisher
42:49 Imperial Age
46:05 Chemistry
44:47 Pikeman
45:28 Squires
46:12 Thumb Ring
45:28 Crossbowman
46:43 Ballistics
46:46 Thumb Ring
47:25 Halberdier
55:53 Bombard Tower
Connection lost

Rejoining the realm…

Still unreachable

The connection could not be restored.

Session expired

The server has moved on; the page needs a fresh start.